 Dungeon Crawl Stone Soup version 0.31-a0-1338-gb567cfdca4 (webtiles) character file.

Game seed: 12585912355230696132

407 wildpjah the Ducker (level 6, -1/47 HPs)
             Began as a Demonspawn Gladiator on Dec 22, 2023.
             Splashed by a jelly's acid (5 damage)
             ... on level 4 of the Dungeon.
             The game lasted 00:08:40 (3856 turns).

wildpjah the Ducker (Demonspawn Gladiator)          Turns: 3856, Time: 00:08:40

Health: -1/47      AC: -11   Str: 14    XL:     6   Next: 57%
Magic:  6/6        EV: 13    Int: 13    God:
Gold:   176        SH:  0    Dex: 16    Spells: 5/5 levels left

rFire   . . .        e - +1 dagger (freeze)
rCold   . . .        (no shield)
rNeg    . . .        b - +0 leather armour
rPois   .            c - +0 helmet
rElec   .            j - scarf {shadows}
rCorr   .            (no gloves)
SInv    .            (no boots)
Will    .....        q - amulet of the acrobat
Stlth   ++           (no ring)
HPRegen 0.27/turn    (no ring)
MPRegen 0.10/turn

%: acrobat
@: corroded
A: big brain 2, weakness stinger 1
a: no special abilities


You were on level 4 of the Dungeon.
You visited 1 branch of the dungeon, and saw 4 of its levels.

You collected 176 gold pieces.

Inventory:

Hand Weapons
 a - a +0 long sword
 e - a +1 dagger of freezing (weapon)
 s - a +1 short sword of speed
 A - a +0 falchion
Missiles
 w - a javelin
Armour
 b - a +0 leather armour (worn)
 c - a +0 helmet (worn)
 j - a scarf of shadows (worn)
 p - a +0 cloak
Jewellery
 q - an amulet of the acrobat (around neck)
 r - a +6 ring of intelligence
 u - a ring of positive energy
Wands
 n - a wand of roots (12)
 x - a wand of flame (8)
Scrolls
 f - a scroll of identify
 h - a scroll of silence
 k - a scroll of fear
 o - a scroll of amnesia
 t - a scroll of noise
 v - a scroll of vulnerability
Potions
 g - a potion of brilliance {unknown}
 i - 3 potions of degeneration {unknown}
 l - 2 potions of might {unknown}
 m - 4 potions of curing {unknown}
 z - a potion of enlightenment {unknown}
 B - a potion of cancellation {unknown}


   Skills:
 + Level 3.1 Fighting
 + Level 2.2(3.1) Short Blades
 + Level 3.1(3.5) Long Blades
 + Level 1.9 Throwing
 * Level 2.4 Armour
 * Level 4.2 Dodging
 + Level 2.0 Stealth


You had 5 spell levels left.
You didn't know any spells.
Your spell library contained the following spells:

 Spells                   Type           Power      Damage    Failure   Level
 Cigotuvi's Dreadful Rot  Necr/Alch/Air  0%         N/A       50%         2
 Scorch                   Fire           0%         2d5       50%         2
 Flame Wave               Conj/Fire      0%         2d4       98%         4
 Ignite Poison            Fire/Alch      0%         N/A       98%         4
 Freezing Cloud           Conj/Ice/Air   0%         6-21      100%        5
 Summon Cactus Giant      Summ           0%         N/A       100%        6


Dungeon Overview and Level Annotations

Branches:
Dungeon (4/15)
 Temple: D:4-7

Altars:
Okawaru


Innate Abilities, Weirdness & Mutations

You have an extremely huge brain. (Int +4)
You have a small tail.


Message History

The jelly is heavily wounded.
The jelly hits you. The acid corrodes you!
You are splashed with acid!
You hit the jelly but do no damage.
Your hands burn!
The jelly is heavily wounded.
You hit the jelly but do no damage.
Your hands burn!
You tail-slap the jelly, but do no damage.
The jelly is heavily wounded.
The jelly barely misses you.
You hit the jelly but do no damage. The acid corrodes you!
Your hands burn!
The jelly is heavily wounded.
The jelly hits you.
You are splashed with acid.
* * * LOW HITPOINT WARNING * * *
Throw: 3 throwing nets
Press: ? - help, Q - select action, (/) - cycle Shift-Dir - straight line, f - jelly
Aim: a jelly (heavily wounded, 89% to hit, immune to nets)
You throw a throwing net. The throwing net hits the jelly.
The jelly effortlessly oozes through the net!
The jelly is heavily wounded.
The jelly barely misses you.
Throw: 2 throwing nets
Press: ? - help, Q - select action, (/) - cycle Shift-Dir - straight line, f/p - jelly
Aim: a jelly (heavily wounded, 89% to hit, immune to nets)
You throw a throwing net. The throwing net hits the jelly.
The jelly effortlessly oozes through the net!
The jelly is heavily wounded.
Throw: throwing net
Press: ? - help, Q - select action, (/) - cycle Shift-Dir - straight line, f/p - jelly
Aim: a jelly (heavily wounded, 89% to hit, immune to nets)
You throw a throwing net. The throwing net hits the jelly.
The jelly effortlessly oozes through the net!
The jelly is heavily wounded.
The jelly misses you.
Your +1 dagger of freezing glows with a cold blue light!
e - a +1 dagger of freezing (weapon)
The jelly hits you.
* * * LOW HITPOINT WARNING * * *
You are splashed with acid!
* * * LOW HITPOINT WARNING * * *
You hit the jelly but do no damage. The acid corrodes you!
Your hands burn!
You die...

. ## .# #.
.####
#####.###....
.....J.#...#
#@..# ##..#
#..# #..#
#..# #..#
#..##### ..#
#......# #.#
#.####.# #.#


You could see a jelly.

Vanquished Creatures
  Sigmund (D:3)
  A centaur (D:4)
  A howler monkey (D:4)
  Ijyb (D:3)
  Robin (D:3)
  2 adders (D:3)
  A worm (D:2)
  A dart slug (D:3)
  6 orcs (D:3)
  5 bats
  3 endoplasms
  3 giant cockroaches
  12 goblins
  6 hobgoblins
  4 jackals (D:2)
  A quokka (D:3)
  4 ball pythons
  3 frilled lizards
  4 kobolds
  9 rats
69 creatures vanquished.

Vanquished Creatures (others)
  A goblin (D:3)
1 creature vanquished.

Grand Total: 70 creatures vanquished

Notes
Turn   | Place    | Note
-------+----------+-------------------------------------------
     0 | D:1      | wildpjah the Demonspawn Gladiator began the quest for the
                  | Orb.
     0 | D:1      | Reached XP level 1. HP: 16/16 MP: 1/1
  1165 | D:2      | Gained mutation: You have an unusually large brain. (Int
                  | +2) [demonic ancestry]
  1165 | D:2      | Reached XP level 2. HP: 22/22 MP: 2/2
  1190 | D:2      | Reached skill level 3 in Dodging
  1797 | D:2      | Reached XP level 3. HP: 23/27 MP: 3/3
  2225 | D:3      | Found an iron altar of Okawaru.
  2284 | D:3      | Reached skill level 1 in Armour
  2477 | D:3      | Reached XP level 4. HP: 29/34 MP: 4/4
  2618 | D:3      | Noticed Robin
  2664 | D:3      | Killed Robin
  2804 | D:3      | Reached skill level 1 in Short Blades
  2930 | D:3      | Noticed Sigmund
  2942 | D:3      | Killed Sigmund
  2943 | D:3      | Reached skill level 1 in Stealth
  2943 | D:3      | Gained mutation: You have a small tail. [demonic ancestry]
  2943 | D:3      | Reached XP level 5. HP: 31/41 MP: 5/5
  2943 | D:3      | Gained mutation: You have an extremely huge brain. (Int +4)
                  | [demonic ancestry]
  2943 | D:3      | Reached XP level 6. HP: 36/47 MP: 6/6
  3185 | D:3      | Noticed Ijyb
  3204 | D:3      | Killed Ijyb
  3205 | D:3      | Reached skill level 4 in Dodging
  3856 | D:4      | Splashed by a jelly's acid

Illustrated notes

Levels and vault maps discovered:
D:1:      heliophobic_arrival_battle_scene, layout_loops_corners,
          kennysheep_flooded_box, nicolae_titane
D:2:      layout_loops_corners, corner_web_ring, minmay_misc_feat_cross,
          st_stairs_5, minmay_misc_feat_secret_circle
D:3:      minmay_evil_eye, layout_loops_cross, okawaru_trees_2, uniq_robin,
          uniq_sigmund, uniq_ijyb
D:4:      layout_loops_ring, serial_shops, nicolae_shop_advertising_works
          [nicolae_subvault_shop_adworks]

Skill      XL: |  1  2  3  4  5  6 |
---------------+-------------------+-----
Dodging        | 3 4 |  4.2
Long Blades    | 3 |  3.1
Armour         | 1 2 |  2.4
Short Blades   | 2 |  2.2
Fighting       | 3 |  3.1
Stealth        | 1 2 |  2.0
Throwing       | |  1.9

Action                     |  1- 3 |  4- 6 || total
---------------------------+-------+-------++-------
  Melee: Long sword        |    59 |       ||    59
         Punch             |     2 |     1 ||     3
         Short sword       |   130 |   105 ||   235
         Dagger            |       |     8 ||     8
         Tailslap          |       |    12 ||    12
  Throw: Throwing net      |       |     4 ||     4
         Javelin           |       |     1 ||     1
    Use: Scroll            |       |     7 ||     7
   Stab: Sleeping          |     1 |     4 ||     5
         Distracted        |       |     1 ||     1
         Held in net/web   |       |     1 ||     1
 Armour: Leather armour    |    70 |    48 ||   118
  Dodge: Dodged            |   102 |    59 ||   161

Table legend: (Time is in decaauts)
 A = Elapsed time spent in this place.
 B = Non-inter-level travel time spent in this place.
 C = Inter-level travel time spent in this place.
 D = Time resting spent in this place.
 E = Time spent auto-exploring this place.
 F = Levels seen in this place.
 G = Mean time per level.
                   A        B        C        D        E       F      G
               +--------+--------+--------+--------+--------+-----+--------+
         Total |   3779 |   3623 |    156 |    262 |   2806 |   4 |  944.8 |
       Dungeon |   3779 |   3623 |    156 |    262 |   2806 |   4 |  944.8 |
               +--------+--------+--------+--------+--------+-----+--------+

Top non-repeatable levels by time:
     D:3: 1466 daAuts
     D:1: 1081 daAuts
     D:2: 1054 daAuts
     D:4: 177 daAuts
